Warning! The script has encountered some errors when parsing the replay. Please report them to the . » details
0x00, prev: 0x16: 16 02 01 00 88 28 00 00 86 5B 00 00 [00] 00 00 00 00 00 00 00 00 00 00 00 00 00 00 00 00 00 00 00 00 00 00 00 00 00
0x00, prev: 0x00: 16 02 01 00 88 28 00 00 86 5B 00 00 00 00 00 00 00 00 00 00 00 00 00 00 00 00 00 00 00 00 00 00 00 00 00 00 [00] 00
0x00, prev: 0x01: 16 02 01 00 E5 31 00 00 82 F8 00 00 00 00 00 00 00 00 00 00 00 00 00 00 00 00 00 00 00 00 00 00 00 00 00 00 01 [00]
0x00, prev: 0x02: 16 02 01 00 88 28 00 00 86 5B 00 00 00 00 00 00 00 00 00 00 00 00 00 00 00 00 00 00 00 00 00 00 00 00 00 00 02 [00] 01 26 00 16 02 01 00 39 16 00 00 FA D8 00 00 16 01 01 00 21 2A 00 00 6D 36 03 00 1A 19 74 61 63 6F 21 2A 00 00 6D 36 03 00
General information
- name: BNet
- type: Ladder 1vs1/FFA
- host: Battle.net
- saver: keltheleskhezme
map: TerenasStand
- players: 2
- length: 41:32
- speed: Fast
- version: 1.23 W3XP
- replay type: Public
» download(103 KB)
Players
team 1 (loser)
Bajanvinster (
blue | 36 APM | 1361 actions | 37:36)
3 Blademaster
2 Wind Walk
1 Critical Strike
2 Shadow Hunter
1 Hex
1 Healing Wave
» actions
| Assign group hotkey | 25 | |
| Build / train | 57 | |
| ESC pressed | 3 | |
| Enter build submenu | 25 | |
| Enter hero's abilities submenu | 5 | |
| Give item / drop item | 2 | |
| Remove unit from queue | 1 | |
| Right click | 438 | |
| Select / deselect | 444 | |
| Select group hotkey | 274 | |
| Use ability | 87 | |
1361 total
» units
| Peon | 14 | |
| Grunt | 5 | |
| Raider | 6 | |
| Spirit Walker | 2 | |
| Wind Rider | 2 | |
| Demolisher | 4 | |
33 total
» upgrades
| Ensnare | 1 | |
| Spirit Walker Training | 1 | |
| Backpack | 1 | |
| Reinforced Defenses | 1 | |
4 total
» buildings
| Altar of Storms | 1 | |
| Orc Burrow | 5 | |
| Barracks | 2 | |
| Voodoo Lounge | 1 | |
| Stronghold | 1 | |
| Beastiary | 1 | |
| Spirit Lodge | 1 | |
| War Mill | 1 | |
| Watch Tower | 10 | |
| Fortress | 1 | |
24 total
» build order
00:04 Altar of Storms
00:18 Orc Burrow
00:38 Barracks
01:25 Orc Burrow
02:00 Voodoo Lounge
02:49 Stronghold
05:23 Orc Burrow
05:50 Beastiary
06:55 Spirit Lodge
08:39 Orc Burrow
10:27 War Mill
10:56 Watch Tower
11:50 Barracks
12:25 Watch Tower
13:00 Watch Tower
13:35 Watch Tower
14:10 Watch Tower
15:26 Orc Burrow
» items
| Healing Salve | 3 | |
| Boots of Speed | 1 | |
| Circlet of Nobility | 1 | |
| Lesser Clarity Potion | 1 | |
| Dust of Appearance | 2 | |
| Potion of Lesser Invulnerability | 2 | |
10 total
team 2 (winner)

»
keltheleskhezme (
pink | 63 APM | 2368 actions | 37:37)
6 Blademaster
3 Wind Walk
2 Critical Strike
1 Bladestorm
» actions
| Assign group hotkey | 40 | |
| Basic commands | 35 | |
| Build / train | 143 | |
| ESC pressed | 11 | |
| Enter build submenu | 93 | |
| Enter hero's abilities submenu | 6 | |
| Give item / drop item | 11 | |
| Right click | 976 | |
| Select / deselect | 449 | |
| Select group hotkey | 361 | |
| Use ability | 243 | |
2368 total
» units
| Peon | 51 | |
| Goblin Shredder | 6 | |
| Troll Batrider | 1 | |
| Demolisher | 3 | |
| Goblin Sapper | 12 | |
| Goblin Zeppelin | 12 | |
| Forest Troll Shadow Priest | 7 | |
92 total
» upgrades
| Ranged Weapons | 3 | |
| Spiked Barricades | 2 | |
| Reinforced Defenses | 1 | |
| Liquid Fire | 1 | |
| Burning Oil | 1 | |
8 total
» buildings
| Altar of Storms | 2 | |
| Orc Burrow | 6 | |
| Voodoo Lounge | 4 | |
| War Mill | 2 | |
| Watch Tower | 64 | |
| Stronghold | 1 | |
| Great Hall | 9 | |
| Beastiary | 2 | |
| Fortress | 2 | |
| Barracks | 2 | |
94 total
» build order
00:06 Altar of Storms
00:10 Orc Burrow
00:37 Voodoo Lounge
01:04 War Mill
01:40 Orc Burrow
02:20 Watch Tower
02:41 Watch Tower
03:29 Stronghold
03:50 Watch Tower
05:38 Watch Tower
05:39 Watch Tower
05:50 Watch Tower
05:51 Watch Tower
05:58 Watch Tower
07:23 Great Hall
07:25 Watch Tower
07:46 Beastiary
07:49 Watch Tower
08:14 Watch Tower
08:15 Watch Tower
08:22 Watch Tower
08:31 Watch Tower
08:45 Beastiary
09:18 Fortress
09:19 Fortress
10:16 Watch Tower
10:16 Watch Tower
10:17 Watch Tower
10:19 Watch Tower
10:56 Barracks
11:14 Watch Tower
11:49 Watch Tower
11:51 Watch Tower
11:52 Watch Tower
11:52 Watch Tower
12:40 Barracks
13:15 Watch Tower
13:17 Watch Tower
13:17 Watch Tower
13:24 Watch Tower
13:24 Watch Tower
13:25 Watch Tower
13:26 Watch Tower
13:26 Watch Tower
13:27 Watch Tower
15:18 Altar of Storms
15:19 Voodoo Lounge
16:08 Watch Tower
16:09 Watch Tower
16:10 Watch Tower
16:10 Watch Tower
19:43 Watch Tower
19:45 Watch Tower
19:48 Watch Tower
19:51 Watch Tower
21:01 War Mill
21:49 Voodoo Lounge
21:53 Voodoo Lounge
23:57 Orc Burrow
23:57 Orc Burrow
23:59 Orc Burrow
24:40 Orc Burrow
25:39 Great Hall
25:44 Great Hall
25:51 Great Hall
27:21 Great Hall
28:00 Great Hall
32:01 Watch Tower
32:02 Watch Tower
32:02 Watch Tower
32:02 Watch Tower
32:09 Watch Tower
32:10 Watch Tower
32:10 Watch Tower
32:11 Watch Tower
32:20 Watch Tower
32:21 Watch Tower
32:21 Watch Tower
32:22 Watch Tower
34:59 Watch Tower
35:00 Watch Tower
35:01 Watch Tower
35:02 Watch Tower
35:05 Watch Tower
» items
| Lesser Clarity Potion | 13 | |
| Healing Salve | 7 | |
| Boots of Speed | 2 | |
| Staff of Teleportation | 2 | |
| Dust of Appearance | 1 | |
| Tiny Great Hall | 2 | |
| Potion of Healing | 2 | |
| Potion of Lesser Invulnerability | 1 | |
| Potion of Mana | 1 | |
| Orb of Lightning | 1 | |
| Scroll of Town Portal | 1 | |
33 total
Chat log
(14:27 / All) keltheleskhezme: noob
(14:35 / All) keltheleskhezme: quyit now
(14:36 / All) keltheleskhezme: quit
(14:37 / All) keltheleskhezme: time to quit
(14:52 / All) keltheleskhezme: ur bad
(14:53 / All) keltheleskhezme: dont kill any more lives
(14:55 / All) keltheleskhezme: poor orcs
(14:56 / All) keltheleskhezme: just leave
(15:48 / All) keltheleskhezme: goood job
(15:49 / All) keltheleskhezme: retard
(15:55 / All) keltheleskhezme: i have 3000 gold
(16:21 / All) keltheleskhezme: ur sh dies in 3... 2... 111
(17:21 / All) keltheleskhezme: here kill my peons
(17:23 / All) keltheleskhezme: i dont need them
(18:00 / All) keltheleskhezme: LEAVE
(18:15 / All) keltheleskhezme: i kill my base for u
(18:16 / All) keltheleskhezme: u leave
(18:56 / All) keltheleskhezme: leave quit leave quit leave quit leave quit
(20:40 / All) keltheleskhezme: those arent melee
(22:51 / All) keltheleskhezme: afk
(37:13 / All) keltheleskhezme: u ready?